 Dungeon Crawl Stone Soup version 0.28-a0-1447-ga5a8893891 (webtiles) character file.

Game seed: 12683678959251622450

216 Hasart the Chopper (level 5, -2/49 HPs)
             Began as a Deep Dwarf Fighter on Jan 10, 2022.
             Slain by a gnoll (6 damage)
             ... on level 4 of the Dungeon.
             The game lasted 00:04:36 (2201 turns).

Hasart the Chopper (Deep Dwarf Fighter)             Turns: 2201, Time: 00:04:36

Health: -2/49      AC:  8    Str: 22    XL:     5   Next: 61%
Magic:  5/5        EV:  9    Int:  8    God:
Gold:   119        SH:  5    Dex: 12    Spells: 4/4 levels left

rFire   . . .      SeeInvis .   a - +0 war axe
rCold   . . .      Faith    .   c - +0 buckler
rNeg    . . .      Spirit   .   b - +0 scale mail
rPois   .          Reflect  .   f - +0 helmet
rElec   .          Harm     .   (no cloak)
rCorr   .          Rampage  .   (no gloves)
Will    .....                   (no boots)
Stlth   ..........              (no amulet)
HPRegen 0.00/turn               (no ring)
MPRegen 0.09/turn               (no ring)

@: no status effects
A: damage resistance, heal wounds, sense surroundings 1, no regeneration
a: Heal Wounds


You were on level 4 of the Dungeon.
You visited 1 branch of the dungeon, and saw 4 of its levels.

You collected 119 gold pieces.

Inventory:

Hand Weapons
 a - a +0 war axe (weapon)
Armour
 b - a +0 scale mail (worn)
 c - a +0 buckler (worn)
 f - a +0 helmet (worn)
Wands
 m - a wand of paralysis (6)
 n - a wand of flame (11)
Scrolls
 e - 2 scrolls of blinking
Potions
 d - a potion of might
 g - 2 potions of flight
 i - a potion of lignification {unknown}
 j - a potion of berserk rage {unknown}
 k - a potion of mutation {unknown}
 o - a potion of degeneration {unknown}


   Skills:
 + Level 3.4 Fighting
 * Level 4.4 Axes
 + Level 4.2 Armour
 + Level 4.3 Shields


You had 4 spell levels left.
You didn't know any spells.
Your spell library contained the following spells:

 Spells                   Type           Power      Damage    Failure   Level
 Blink                    Tloc           0%         N/A       91%         2
 Lesser Beckoning         Tloc           0%         N/A       99%         3
 Manifold Assault         Tloc           0%         N/A       100%        5


Dungeon Overview and Level Annotations

Branches:
Dungeon (4/15)
 Temple: D:4-7

Altars:
Nemelex Xobeh


Innate Abilities, Weirdness & Mutations

You are resistant to damage.
You can heal yourself by infusing magical energy.
You passively map a small area around you.
You do not regenerate.


Message History

The gnoll shaman calls upon its god to speed up the gnoll.
The gnoll seems to speed up.
You barely miss the gnoll.
The gnoll hits you from afar with a +0 spear!
The gnoll barely misses you. x2
You slash the gnoll!
You kill the gnoll!
The gnoll hits you from afar with a +0 spear. x2
The gnoll hits you with a +0 spear.
Items here: )) ††.
Unknown command.
You slash the gnoll shaman!
The gnoll shaman is severely wounded.
You hear a shout!
The gnoll hits you from afar with a +0 spear.
* * * LOW HITPOINT WARNING * * *
You hit the gnoll shaman but do no damage.
The gnoll shaman is severely wounded.
You block the gnoll's attack. The gnoll closely misses you.
The gnoll shaman hits you with a +0 whip of venom.
* * * LOW HITPOINT WARNING * * *
You slash the gnoll shaman!
You kill the gnoll shaman!
The gnoll hits you from afar with a +0 spear.
* * * LOW HITPOINT WARNING * * *
A gnoll comes into view. It is wielding a +0 flail.
The gnoll hits you from afar with a +0 spear.
The gnoll hits you with a +0 flail.
* * * LOW HITPOINT WARNING * * *
You block the gnoll's attack.
You slash the gnoll!
You kill the gnoll!
The gnoll barely misses you.
The gnoll hits you from afar with a +0 spear.
You hit the gnoll.
The gnoll is moderately wounded.
The gnoll hits you from afar with a +0 spear.
* * * LOW HITPOINT WARNING * * *
The gnoll hits you with a +0 flail!
You die...

, ,.. * * * #. *
#.. * ,#
*###..##### .# *
*
........<##.##.#
*
...........=....
................
*
.##.##.#####...
# #@# .. * , #g#
* , , , .g# *
*.#.#* #....,, ,
, * # ### , , *
* , * ,


You could see 2 gnolls.

Vanquished Creatures
  A gnoll shaman (D:4)
  Jessica (D:3)
  Terence (D:3)
  3 gnolls (D:4)
  2 adders (D:3)
  3 worms
  A dart slug (D:1)
  2 orcs (D:3)
  5 bats
  4 endoplasms
  3 giant cockroaches
  3 goblins
  6 hobgoblins
  2 jackals (D:3)
  4 quokkas
  4 ball pythons
  3 frilled lizards
  3 kobolds
  8 rats
59 creatures vanquished.

Vanquished Creatures (others)
  2 orc wizards (D:3)
2 creatures vanquished.

Grand Total: 61 creatures vanquished

Notes
Turn   | Place    | Note
-------+----------+-------------------------------------------
     0 | D:1      | Hasart the Deep Dwarf Fighter began the quest for the Orb.
     0 | D:1      | Reached XP level 1. HP: 20/20 MP: 1/1
   239 | D:1      | Reached XP level 2. HP: 25/27 MP: 2/2
   820 | D:2      | Reached XP level 3. HP: 22/33 MP: 3/3
  1427 | D:3      | Found a sparkling altar of Nemelex Xobeh.
  1542 | D:3      | Noticed Jessica
  1556 | D:3      | Reached XP level 4. HP: 11/42 MP: 4/4
  1563 | D:3      | Killed Jessica
  1659 | D:3      | Noticed Terence
  1660 | D:3      | Found a faded altar of an unknown god.
  1670 | D:3      | Killed Terence
  1671 | D:3      | Reached XP level 5. HP: 7/49 MP: 5/5
  2201 | D:4      | Slain by a gnoll

Illustrated notes

Levels and vault maps discovered:
D:1:      dpeg_arrival_circle_labyrinth_a, layout_basic, minivault_25,
          grunt_decor_one_mirror, chequers_decorated_corner
D:2:      wander_river, layout_loops_ring
D:3:      layout_basic, mainiacjoe_overflow_paths,
          hellmonk_ecumenical_altar_dog_temple, uniq_jessica, uniq_terence
D:4:      layout_loops_ring

Skill      XL: |  1  2  3  4 |
---------------+-------------+-----
Axes           | 3 4 |  4.4
Fighting       | 3 |  3.4
Armour         | 4 |  4.2
Shields        | 4 |  4.3

Action                   |  1- 3 |  4- 6 || total
-------------------------+-------+-------++-------
Melee: War axe           |   118 |    51 ||   169
 Abil: Heal Wounds       |       |     1 ||     1
  Use: Scroll            |       |     4 ||     4
Armor: Scale mail        |    70 |    18 ||    88
Dodge: Dodged            |    48 |    25 ||    73
Block: Buckler           |    27 |     9 ||    36

Table legend: (Time is in decaauts)
 A = Elapsed time spent in this place.
 B = Non-inter-level travel time spent in this place.
 C = Inter-level travel time spent in this place.
 D = Time resting spent in this place.
 E = Time spent auto-exploring this place.
 F = Levels seen in this place.
 G = Mean time per level.
                   A        B        C        D        E       F      G
               +--------+--------+--------+--------+--------+-----+--------+
         Total |   2282 |   2167 |    115 |      2 |   1698 |   4 |  570.5 |
       Dungeon |   2282 |   2167 |    115 |      2 |   1698 |   4 |  570.5 |
               +--------+--------+--------+--------+--------+-----+--------+

Top non-repeatable levels by time:
     D:3: 831 daAuts
     D:1: 814 daAuts
     D:2: 621 daAuts
     D:4: 15 daAuts
